 Dungeon Crawl Stone Soup version 0.26-a0-591-g04f19ec95a (webtiles) character file.

Game seed: 7511973134134302695

67 Descartes the Ducker (level 3, -5/17 HPs)
             Began as a Felid Monk on Aug 24, 2020.
             Slain by a gnoll
             ... wielding a +0 club
              (10 damage)
             ... on level 1 of the Dungeon.
             The game lasted 00:01:51 (1467 turns).

Descartes the Ducker (Felid Monk)                   Turns: 1467, Time: 00:01:51

Health: -5/17      AC:  1    Str:  8    XL:     3   Next: 98%
Magic:  4/4        EV: 20    Int: 11    God:
Gold:   35         SH:  0    Dex: 18    Spells: 2/2 levels left
                                        Lives:  0   Deaths: 0

rFire    . . .     SeeInvis +     - Unarmed
rCold    . . .     Faith    .   (shield unavailable)
rNeg     . . .     Spirit   .   (armour unavailable)
rPois    .         Reflect  .   (helmet unavailable)
rElec    .         Harm     .   (cloak unavailable)
rCorr    .                      (gloves unavailable)
MR       .....                  (boots unavailable)
Stlth    +++.......             (no amulet)
HPRegen  0.05/turn              (no ring)
MPRegen  0.09/turn              (no ring)

@: quick
A: very small, no armour, no weapons or thrown items, stealth, claws 1, fangs 3,
see invisible, speed 1, shaggy fur 1, sharp paws
a: no special abilities


You were on level 1 of the Dungeon.
You visited 1 branch of the dungeon, and saw 2 of its levels.

You collected 35 gold pieces.

Inventory:

Missiles
 a - 51 stones
 b - 40 arrows
Scrolls
 d - a scroll of teleportation {unknown}
 e - a scroll of fear {unknown}
 f - a scroll of immolation {unknown}
 g - a scroll of remove curse {unknown}
Potions
 c - a potion of lignification {unknown}
 h - a potion of haste {unknown}
 i - a potion of magic {unknown}


   Skills:
 + Level 3.5 Fighting
 + Level 4.7 Dodging
 + Level 3.8 Stealth
 + Level 3.5 Unarmed Combat


You had 2 spell levels left.
You didn't know any spells.
Your spell library was empty.

Dungeon Overview and Level Annotations

Branches:
Dungeon (2/15)

Altars:
Zin


Innate Abilities, Weirdness & Mutations

You cannot wear armour.
You are incapable of wielding weapons or throwing items.
Your paws allow you to move quietly. (Stealth)
You have sharp claws.
You have razor-sharp teeth.
You have supernaturally acute eyesight. (SInv)
You cover ground quickly.
You are covered in fur. (AC +1)
Your sharp claws are effective at attacking unaware monsters.


Message History

You climb upwards.
There is a stone staircase leading down here.
You barely miss the gnoll. The gnoll hits you with a +0 club!
You scratch the gnoll but do no damage. You bite the gnoll.
The gnoll is lightly wounded.
The gnoll hits you with a +0 club.
You scratch the gnoll.
The gnoll is heavily wounded.
The gnoll completely misses you.
You barely miss the gnoll. Your bite misses the gnoll.
The gnoll is heavily wounded.
You barely miss the gnoll.
The gnoll is heavily wounded.
The gnoll hits you with a +0 club.
* * * LOW HITPOINT WARNING * * *
You closely miss the gnoll.
The gnoll is heavily wounded.
The gnoll hits you with a +0 club!
Ouch! That really hurt!
You die...

......###.....#### #.#
...........#..######.#
...........#..##.....#
##.....)......##.#####
..............##.#
##.#.##...######.#
##^.......# #.#
...#......######.#
..............##@#
..........######g#
...........#####g#
.......#...##g...##
..................#
#####..#..>#..###.#
#####..#...#......#
..................#
....##.......###.##


You could see 2 gnolls.

Vanquished Creatures
  An adder (D:2)
  A gnoll (D:1)
  An ooze (D:2)
  2 worms (D:2)
  2 dart slugs
  2 leopard geckos
  A giant cockroach (D:2)
  4 goblins
  4 hobgoblins
  3 kobolds
  9 bats
  A frilled lizard (D:1)
  3 rats
34 creatures vanquished.

Notes
Turn   | Place    | Note
-------+----------+-------------------------------------------
     0 | D:1      | Descartes the Felid Monk began the quest for the Orb.
     0 | D:1      | Reached XP level 1. HP: 10/10 MP: 2/2
   463 | D:1      | Reached XP level 2. HP: 14/14 MP: 3/3
   759 | D:2      | Found a glowing silver altar of Zin.
   808 | D:2      | Reached XP level 3. HP: 15/17 MP: 4/4
  1467 | D:1      | Slain by a gnoll

Illustrated notes

Levels and vault maps discovered:
D:1:      minmay_arrival_shattered_statue, layout_basic
D:2:      layout_basic, lemuel_crystal_altar, minmay_tetromino_s4

Skill      XL: |  1 |
---------------+----+-----
Stealth        | 3 |  3.8
Fighting       | |  3.5
Dodging        | |  4.7
Unarmed Combat | |  3.5

Action                   || total
-------------------------++-------
Melee: Unarmed           ||    81
       Bite              ||     8
       Punch             ||     1
 Stab: Sleeping          ||    18
Armor: Skin              ||     2
Dodge: Dodged            ||    60

Table legend: (Time is in decaauts)
 A = Elapsed time spent in this place.
 B = Non-inter-level travel time spent in this place.
 C = Inter-level travel time spent in this place.
 D = Time resting spent in this place.
 E = Time spent auto-exploring this place.
 F = Levels seen in this place.
 G = Mean time per level.
                   A        B        C        D        E       F      G
               +--------+--------+--------+--------+--------+-----+--------+
         Total |   1281 |   1275 |      6 |      0 |   1054 |   2 |  640.5 |
       Dungeon |   1281 |   1275 |      6 |      0 |   1054 |   2 |  640.5 |
               +--------+--------+--------+--------+--------+-----+--------+

Top non-repeatable levels by time:
     D:2: 681 daAuts
     D:1: 599 daAuts
